 Dungeon Crawl Stone Soup version 0.25-a0-544-gee0576305d (webtiles) character file.

Game seed: 13009254560391433456, levelgen mode: deterministic

18281 Esekla the Thaumaturge (level 12, -6/64 HPs)
             Began as a Deep Elf Wizard on Feb 20, 2020.
             Was an Elder of Vehumet.
             Mangled by a crocodile (17 damage)
             ... on level 12 of the Dungeon on Feb 21, 2020.
             The game lasted 03:10:13 (15242 turns).

Esekla the Thaumaturge (Deep Elf Wizard)           Turns: 15242, Time: 03:10:17

Health: -6/64      AC:  9    Str:  9    XL:     12   Next: 26%
Magic:  6/31       EV: 14    Int: 26    God:    Vehumet [****..]
Gold:   252        SH:  0    Dex: 13    Spells: 3/37 levels left

rFire    . . .     SeeInvis +   l - +8 scimitar
rCold    + . .     Gourm    .   (no shield)
rNeg     . . .     Faith    .   a - +1 troll leather armour
rPois    +         Spirit   .   C - +0 helmet
rElec    .         Reflect  .   G - scarf {repulsion}
rCorr    .         Harm     .   (no gloves)
MR       ++...                  s - +2 pair of boots
Stlth    +++.......             L - amulet of magic regeneration
HPRegen  0.60/turn              b - ring of poison resistance
MPRegen  0.47/turn              w - ring of see invisible

@: repel missiles
A: cold resistance 1, magic resistance 1, robust 1, strong 1, wild magic 1
a: Renounce Religion


You were on level 12 of the Dungeon.
You worshipped Vehumet.
Vehumet was greatly pleased with you.
You were hungry.

You visited 2 branches of the dungeon, and saw 13 of its levels.

You collected 637 gold pieces.
You spent 385 gold pieces at shops.

Inventory:

Hand Weapons
 f - a +0 falchion
 g - a +0 rapier of speed
 l - a +8 scimitar (weapon)
 p - a +3 dagger of protection
 v - a +1 spear
Missiles
 e - 8 boomerangs
 h - 27 poisoned darts (quivered)
Armour
 a - a +1 troll leather armour (worn)
 s - a +2 pair of boots (worn)
 C - a +0 helmet (worn)
 D - a +0 robe
 G - a scarf of repulsion (worn)
Jewellery
 b - a ring of poison resistance (left hand)
 o - an uncursed ring of stealth
 r - a +2 ring of evasion
 w - a ring of see invisible (right hand)
 x - an uncursed ring of teleportation
 H - an uncursed ring of wizardry
 L - an amulet of magic regeneration (around neck)
Wands
 F - a wand of disintegration (31)
 N - a wand of iceblast (16)
Scrolls
 c - 3 scrolls of immolation
 i - 8 scrolls of magic mapping
 k - 6 scrolls of remove curse
 m - a scroll of fear {unknown}
 n - 2 scrolls of identify
 t - a scroll of vulnerability {unknown}
 y - a scroll of teleportation {unknown}
 M - a scroll of enchant weapon
Potions
 j - a potion of lignification
 q - a potion of resistance
 u - 4 potions of curing
 A - 3 potions of brilliance
 B - 2 potions of flight
 E - 3 potions of ambrosia
 I - 3 potions of haste
 J - a potion of cancellation
Comestibles
 d - 19 rations


   Skills:
 + Level 2.3(4.0) Short Blades
 * Level 4.6(4.8) Long Blades
 + Level 3.6 Throwing
 * Level 2.7 Armour
 + Level 5.3 Dodging
 + Level 5.2 Stealth
 * Level 13.1 Spellcasting
 + Level 7.8 Conjurations
 * Level 6.9 Hexes
 * Level 5.6 Charms
   Level 1.1 Summonings
 + Level 4.9 Translocations
 * Level 3.2 Transmutations
 * Level 5.0 Fire Magic
 * Level 5.5 Ice Magic
 + Level 5.4 Air Magic
 + Level 5.0 Poison Magic


You had 3 spell levels left.
You knew the following spells:

 Your Spells              Type           Power        Failure   Level  Hunger
a - Ozocubu's Armour      Chrm/Ice       ######..     2%          3    None
b - Blink                 Tloc           N/A          1%          2    None
c - Mephitic Cloud        Conj/Pois/Air  ######..     1%          3    None
d - Magic Dart            Conj           ####         1%          1    None
e - Spectral Weapon       Hex/Chrm       ######..     2%          3    None
f - Conjure Flame         Conj/Fire      ######..     1%          3    None
g - Shroud of Golubria    Chrm/Tloc      ######       1%          2    None
i - Irradiate             Conj/Tmut      ######....   5%          5    ##.....
n - Corona                Hex            ######.      1%          1    None
r - Fireball              Conj/Fire      ######....   3%          5    ##.....
s - Song of Slaying       Chrm           ######..     1%          2    None
y - Sticky Flame          Conj/Fire      ######..     1%          4    None

Your spell library contained the following spells:

 Spells                   Type           Power        Failure   Level  Hunger
 Frozen Ramparts          Ice            ######       1%          3    None
 Foxfire                  Conj/Fire      ####         1%          1    None
 Infusion                 Chrm           ####         1%          1    None
 Slow                     Hex            ######..     1%          2    None
 Inner Flame              Hex/Fire       ######..     1%          3    None
 Portal Projectile        Hex/Tloc       ######       2%          3    None
 Call Imp                 Summ           ####....     7%          2    None
 Cause Fear               Hex            ######....   4%          4    None
 Leda's Liquefaction      Hex/Erth       #####.....   16%         4    None
 Hydra Form               Tmut           #####.....   92%         6    #####..
 Statue Form              Tmut/Erth      ####.....    99%         6    #####..
 Dragon Form              Tmut           #####.....   100%        7    ######.


Dungeon Overview and Level Annotations

Branches:
Dungeon (12/15)            Temple (1/1) D:7            Lair (0/6) D:8
    Orc (0/2) D:11

Altars:
Ashenzari
Cheibriados
Dithmenos
Elyvilon
Fedhas
Gozag
Hepliaklqana
Kikubaaqudgha
Makhleb
Nemelex Xobeh
Okawaru
Qazlal
Ru
Sif Muna
Trog
Uskayaw
Vehumet
Wu Jian
Xom
Yredelemnul
Zin
The Shining One

Shops:
D:5 :   D:11 (

Annotations:
D:10 Gastronok
D:12 Nergalle


Innate Abilities, Weirdness & Mutations

Your flesh is cold resistant. (rC+)
You are resistant to hostile enchantments. (MR+)
You are robust. (+10% HP)
Your muscles are strong. (Str +2)
Your spells are a little harder to cast, but a little more powerful.


Message History

Aiming: Mephitic Cloud (safe; 1% risk of failure)
Press: ? - help, Shift-Dir - straight line, f - Nergalle
Aim: Nergalle, wielding a +0 dagger and wearing a +2 robe of magic resistance (fast, confused, slowly petrifying)
The ball explodes into a vile cloud!
The stinking cloud engulfs Nergalle but does no damage.
The stinking cloud engulfs the crocodile but does no damage.
Nergalle is engulfed in noxious fumes.
Nergalle appears confused.
Nergalle closely misses the crocodile.
The crocodile is engulfed in calcifying dust.
The crocodile is moving more slowly.
The crocodile bites you but does no damage.
The scorpion misses you.
You strike the helpless scorpion from behind!
You slash the scorpion!
The scorpion is moderately wounded.
The scorpion stops moving altogether!
Nergalle is engulfed in noxious fumes.
The crocodile bites you!
* * * LOW HITPOINT WARNING * * *
Nergalle is engulfed in noxious fumes.
The crocodile bites you!
You die...

≈.......≈##.......# .
≈..§.≈Y.≈.#....... ..
#(# .....##t . ##)##
#.#...... ..
###...#####.#....### ...
...............☼§○.#....
###......†....o○☼○....$.
###..........†§t§§§§....
....###.###.....@s......
....###.###.........####
.........##.........##
.........#...........#
..............#......#
..............#......#
........#.....##.....##
..........#.#.........#
............#....#....#


You could see Nergalle (petrifying), a crocodile (petrifying) and a scorpion
(petrified).

Vanquished Creatures
  Kirke (D:12)
  Harold (D:11)
  2 catoblepae (D:12)
  A two-headed ogre (D:8)
  An unseen horror (D:12)
  3 manticores
  2 centaur zombies (D:12)
  A komodo dragon (D:12)
  A kobold demonologist (D:11)
  2 trolls
  A raiju (shapeshifter) (D:12)
  9 slime creatures (D:12)
  2 hippogriffs
  A wraith (D:11)
  2 wyverns (D:10)
  Grum (D:11)
  A hog (D:12)
  Eustachio (D:4)
  A steam dragon (D:10)
  2 hungry ghosts
  Edmund (D:6)
  15 water moccasins (D:10)
  A swamp drake (D:10)
  4 sky beasts
  6 orc warriors
  A hornet zombie (D:9)
  A necrophage (D:10)
  4 ogres
  A phantom (D:5)
  3 wolves (D:11)
  3 centaurs
  A crocodile (D:10)
  3 big kobolds
  6 bullfrogs
  A wyvern zombie (D:9)
  2 water moccasin zombies
  A water moccasin skeleton (D:6)
  6 scorpions
  7 killer bees
  4 wights (D:11)
  An electric eel (D:10)
  A howler monkey (D:12)
  2 bullfrog zombies
  13 crimson imps
  4 jellies
  4 hounds
  10 orc priests
  8 orc wizards
  3 bullfrog skeletons
  2 centaur skeletons
  5 iguanas
  14 worker ants
  Natasha (twice) (D:4)
  A hound skeleton (D:10)
  A howler monkey zombie (D:4)
  30 adders
  4 shadow imps
  An ooze (D:2)
  2 adder zombies
  An adder skeleton (D:6)
  4 worms
  2 dart slugs
  9 leopard geckos
  42 orcs
  4 giant cockroaches
  13 hobgoblins
  6 jackals
  22 kobolds
  5 quokkas
  3 ball pythons
  3 bats
  13 frilled lizards
  7 goblins
  A jackal zombie (D:5)
  A leopard gecko skeleton (D:6)
  2 quokka skeletons
  9 rats
  A bush (D:3)
363 creatures vanquished.

Vanquished Creatures (collateral kills)
  A killer bee (D:11)
  Natasha (D:4)
2 creatures vanquished.

Vanquished Creatures (others)
  A scorpion (D:5)
  A quokka (D:5)
  8 plants
10 creatures vanquished.

Grand Total: 375 creatures vanquished

Notes
Turn   | Place    | Note
-------+----------+-------------------------------------------
     0 | D:1      | Esekla the Deep Elf Wizard began the quest for the Orb.
     0 | D:1      | Reached XP level 1. HP: 10/10 MP: 7/7
   157 | D:1      | Reached skill level 5 in Spellcasting
   157 | D:1      | Reached XP level 2. HP: 13/15 MP: 0/10
   162 | D:1      | Learned a level 2 spell: Blink
   926 | D:2      | Reached XP level 3. HP: 2/19 MP: 0/12
   931 | D:2      | Learned a level 3 spell: Mephitic Cloud
   935 | D:2      | Learned a level 3 spell: Conjure Flame
  2049 | D:3      | Reached XP level 4. HP: 24/24 MP: 7/13
  2098 | D:3      | Reached skill level 6 in Spellcasting
  3935 | D:4      | Reached skill level 1 in Poison Magic
  3935 | D:4      | Reached XP level 5. HP: 27/28 MP: 10/15
  4005 | D:4      | Reached skill level 1 in Air Magic
  4044 | D:4      | Reached XP level 6. HP: 19/32 MP: 7/17
  4065 | D:4      | Found a hide-covered altar of Uskayaw.
  4183 | D:4      | Noticed Natasha
  4191 | D:4      | Killed Natasha
  4410 | D:4      | Noticed Natasha
  4435 | D:4      | Reached skill level 7 in Spellcasting
  4456 | D:4      | Killed Natasha
  4517 | D:4      | Noticed Natasha
  4538 | D:4      | Reached XP level 7. HP: 23/36 MP: 7/19
  4541 | D:4      | Killed Natasha
  4812 | D:4      | Noticed Eustachio
  4859 | D:4      | Killed Eustachio
  4859 | D:4      | Reached skill level 1 in Throwing
  4978 | D:4      | Reached skill level 1 in Long Blades
  5074 | D:5      | Entered Level 5 of the Dungeon
  5231 | D:5      | Reached skill level 8 in Spellcasting
  5988 | D:5      | Found a shimmering altar of Xom.
  6017 | D:5      | Reached XP level 8. HP: 39/41 MP: 15/22
  6051 | D:5      | Found Tuschyl's Book Shop.
  6239 | D:5      | Found a blossoming altar of Fedhas.
  6239 | D:5      | Found a sparkling altar of Nemelex Xobeh.
  6774 | D:6      | Reached skill level 9 in Spellcasting
  6935 | D:6      | Reached skill level 5 in Conjurations
  7319 | D:6      | Found a sacrificial altar of Ru.
  7703 | D:6      | Reached XP level 9. HP: 37/45 MP: 17/24
  7984 | D:6      | Noticed Edmund
  8012 | D:6      | Killed Edmund
  8987 | D:7      | Reached skill level 10 in Spellcasting
  9474 | D:7      | Found a glowing silver altar of Zin.
  9583 | D:7      | Found a staircase to the Ecumenical Temple.
  9606 | Temple   | Entered the Ecumenical Temple
  9790 | Temple   | Became a worshipper of Vehumet
  9939 | D:8      | Found a staircase to the Lair.
  9960 | D:8      | Learned a level 1 spell: Corona
 10018 | D:8      | Learned a level 3 spell: Ozocubu's Armour
 10022 | D:8      | Learned a level 3 spell: Spectral Weapon
 10025 | D:8      | Learned a level 2 spell: Song of Slaying
 10028 | D:8      | Learned a level 2 spell: Shroud of Golubria
 10187 | D:8      | Reached skill level 5 in Air Magic
 10315 | D:8      | Noticed a two-headed ogre
 10318 | D:8      | Reached skill level 1 in Hexes
 10318 | D:8      | Reached skill level 1 in Fire Magic
 10337 | D:8      | Killed a two-headed ogre
 10337 | D:8      | Reached skill level 11 in Spellcasting
 10337 | D:8      | Reached XP level 10. HP: 8/50 MP: 4/27
 10783 | D:5      | Bought a book of Flames for 385 gold pieces
 10788 | D:5      | Learned a level 4 spell: Sticky Flame
 10794 | D:5      | Learned a level 5 spell: Fireball
 11125 | D:9      | Reached skill level 1 in Ice Magic
 11659 | D:9      | Reached * piety under Vehumet
 11659 | D:9      | Offered knowledge of Sandblast by Vehumet.
 11677 | D:9      | Found a stormy altar of Qazlal.
 11719 | D:10     | Entered Level 10 of the Dungeon
 11778 | D:10     | Reached skill level 1 in Short Blades
 11983 | D:10     | Reached skill level 1 in Charms
 12115 | D:10     | Reached skill level 12 in Spellcasting
 12327 | D:10     | Offered knowledge of Shock by Vehumet.
 12342 | D:10     | Reached ** piety under Vehumet
 12853 | D:10     | Reached XP level 11. HP: 54/54 MP: 29/29
 12860 | D:10     | Learned a level 5 spell: Irradiate
 12883 | D:10     | Noticed Gastronok
 13052 | D:10     | Reached skill level 5 in Dodging
 13138 | D:11     | Found a staircase to the Orcish Mines.
 13196 | D:11     | Noticed Grum
 13221 | D:11     | Killed Grum
 13345 | D:11     | Offered knowledge of Searing Ray by Vehumet.
 13440 | D:11     | Noticed Harold
 13502 | D:11     | Killed Harold
 13502 | D:11     | Reached skill level 1 in Armour
 13502 | D:11     | Reached skill level 5 in Stealth
 13502 | D:11     | Reached skill level 5 in Hexes
 13779 | D:10     | Gained mutation: You have supernaturally acute eyesight.
                  | (SInv) [potion of mutation]
 13779 | D:10     | Gained mutation: Armour fits poorly on your strangely
                  | shaped body. [potion of mutation]
 13779 | D:10     | Gained mutation: Your spells are a little harder to cast,
                  | but a little more powerful. [potion of mutation]
 13962 | D:11     | Found a shimmering blue altar of Sif Muna.
 13976 | D:11     | Reached *** piety under Vehumet
 13997 | D:11     | Found Jofawen's Antique Weapon Emporium.
 14080 | D:11     | Lost mutation: Armour fits poorly on your strangely shaped
                  | body. [potion of mutation]
 14080 | D:11     | Lost mutation: You have supernaturally acute eyesight.
                  | (SInv) [potion of mutation]
 14080 | D:11     | Gained mutation: Your muscles are strong. (Str +2) [potion
                  | of mutation]
 14080 | D:11     | Gained mutation: Your flesh is cold resistant. (rC+)
                  | [potion of mutation]
 14080 | D:11     | Gained mutation: You are robust. (+10% HP) [potion of
                  | mutation]
 14080 | D:11     | Gained mutation: You are resistant to hostile enchantments.
                  | (MR+) [potion of mutation]
 14116 | D:11     | Reached skill level 1 in Transmutations
 14248 | D:12     | Offered knowledge of Frozen Ramparts by Vehumet.
 14278 | D:12     | Noticed Kirke
 14464 | D:12     | Found an ornate altar of the Wu Jian Council.
 14744 | D:12     | Reached skill level 5 in Ice Magic
 15128 | D:12     | Noticed an unseen horror
 15136 | D:12     | Killed an unseen horror
 15136 | D:12     | Reached skill level 13 in Spellcasting
 15136 | D:12     | Reached skill level 5 in Charms
 15209 | D:12     | Noticed a catoblepas
 15216 | D:12     | Killed Kirke
 15216 | D:12     | Reached skill level 5 in Poison Magic
 15216 | D:12     | Reached XP level 12. HP: 47/64 MP: 28/31
 15221 | D:12     | Noticed a catoblepas
 15222 | D:12     | Reached **** piety under Vehumet
 15230 | D:12     | Noticed Nergalle
 15235 | D:12     | Killed a catoblepas
 15238 | D:12     | Killed a catoblepas
 15238 | D:12     | Reached skill level 5 in Fire Magic
 15242 | D:12     | Mangled by a crocodile

Levels and vault maps discovered:
D:1:      lightli_arrival_statuegarden, layout_basic
D:2:      layout_basic, st_stairs_6, minmay_misc_feat_four_crosses,
          chequers_serial_rivers_room_a
D:3:      layout_loops_corners, first_ration, lexackson_kobold_supper
D:4:      minmay_opposing_rooms, layout_basic, kennysheep_mini,
          minmay_fractal_squares_diagonal_5, uniq_eustachio, uniq_natasha
D:5:      layout_rooms, xom_confusion_cloud, gammafunk_temple_overflow_pools,
          serial_shops, nicolae_shop_behind_doors
D:6:      layout_gridville, basic_altar, uniq_edmund
D:7:      layout_rooms, nicolae_overflow_hidden_temple,
          minmay_temple_entry_proselytizer
D:8:      layout_basic, dpeg_oklobed_lair
D:9:      layout_roguey, lemuel_round_altar
D:10:     lemuel_reptile_caves, layout_layer_cave, blue_anna_alchemist
          [blue_anna_fruit_fields, blue_anna_fruit_fields],
          nicolae_twisting_strands, chequers_serial_rivers_micro_e,
          uniq_gastronok
D:11:     layout_roguey, orc_0_dummy, basic_altar, serial_shops,
          nicolae_shop_overgrown_old_shop, nicolae_looking_at_the_future,
          uniq_harold, uniq_grum, uniq_josephine
D:12:     nzn_motion_control, layout_basic, basic_altar, uniq_kirke,
          uniq_nergalle
Temple:   eino_temple_scatter_basement

Skill      XL: |  1  2  3  4  5  6  7  8  9 10 11 12 |
---------------+-------------------------------------+-----
Spellcasting   | 5 6 7 8 9 11 12 13 | 13.1
Conjurations   | 2 3 4 5 6 7 |  7.8
Poison Magic   | 1 2 3 4 5 |  5.0
Dodging        | 3 4 5 |  5.3
Translocations | 2 3 4 |  4.9
Air Magic      | 1 2 3 4 5 |  5.4
Throwing       | 1 2 3 |  3.6
Long Blades    | 1 2 4 |  4.6
Stealth        | 3 4 5 |  5.2
Hexes          | 1 4 6 |  6.9
Fire Magic     | 1 3 4 5 |  5.0
Ice Magic      | 3 5 |  5.5
Short Blades   | 2 |  2.3
Charms         | 2 5 |  5.6
Armour         | 2 |  2.7
Transmutations | 3 |  3.2
Summonings     | |  1.1

Action                   |  1- 3 |  4- 6 |  7- 9 | 10-12 || total
-------------------------+-------+-------+-------+-------++-------
Melee: Unarmed           |     5 |       |       |       ||     5
       Dagger            |    26 |     3 |    42 |   205 ||   276
       Falchion          |     8 |   300 |    83 |       ||   391
       Trident           |       |    13 |    14 |     5 ||    32
       Spear             |       |     2 |       |     2 ||     4
       Scimitar          |       |       |       |   104 ||   104
Throw: Dart              |       |    33 |    33 |    81 ||   147
       Boomerang         |       |       |    18 |    15 ||    33
 Cast: Magic Dart        |   119 |   112 |   304 |   173 ||   708
       Blink             |     1 |     4 |    12 |    12 ||    29
       Conjure Flame     |       |     6 |    10 |     8 ||    24
       Mephitic Cloud    |       |    10 |    38 |    26 ||    74
       Ozocubu's Armour  |       |       |     1 |    23 ||    24
       Sticky Flame      |       |       |       |    56 ||    56
       Shroud of Golubri |       |       |       |     3 ||     3
       Fireball          |       |       |       |     3 ||     3
       Spectral Weapon   |       |       |       |     1 ||     1
       Irradiate         |       |       |       |     1 ||     1
Evoke: Wand              |       |       |       |     1 ||     1
  Use: Scroll            |       |     4 |     8 |    13 ||    25
       Potion            |       |       |     2 |     9 ||    11
 Stab: Sleeping          |     2 |     3 |    12 |     8 ||    25
       Distracted        |     1 |       |     1 |     1 ||     3
       Confused          |       |     4 |    21 |     8 ||    33
       Petrifying        |       |       |       |     1 ||     1
  Eat: Chunk             |     2 |     6 |    12 |    10 ||    30
       Ration            |       |     1 |     3 |     2 ||     6
Armor: Robe              |    15 |     4 |    39 |    63 ||   121
       Troll leather arm |       |       |       |   109 ||   109
       Skin              |       |       |       |     3 ||     3
Dodge: Dodged            |    63 |    30 |   179 |   322 ||   594
       Deflected         |       |       |       |     4 ||     4
       Rpst.: Falchion   |     7 |    11 |    50 |       ||    68
       Scimitar          |       |       |       |    27 ||    27

Table legend:
 A = Non-vault XP
 B = Vault XP
 C = Vault XP percentage of total XP
 D = Non-vault monster count
 E = Vault monster count
 F = Vault count percentage of total count
                 A         B        C        D         E       F
            +---------+---------+-------+---------+---------+-------
      Total |   16291 |    9825 |  37.6 |     292 |      72 |  19.8
            +---------+---------+-------+---------+---------+-------
        D:1 |      46 |       0 |   0.0 |      28 |       0 |   0.0
        D:2 |      43 |       4 |   8.5 |      22 |       2 |   8.3
        D:3 |      58 |      17 |  22.7 |      22 |       8 |  26.7
        D:4 |     474 |     457 |  49.1 |      26 |      12 |  31.6
        D:5 |     682 |     115 |  14.4 |      19 |       4 |  17.4
        D:6 |    1121 |     164 |  12.8 |      34 |       1 |   2.9
        D:7 |    1496 |      41 |   2.7 |      22 |       1 |   4.3
        D:8 |    1472 |       0 |   0.0 |      17 |       0 |   0.0
        D:9 |     590 |       0 |   0.0 |      12 |       0 |   0.0
       D:10 |    2578 |    2605 |  50.3 |      25 |      33 |  56.9
       D:11 |    1868 |    1388 |  42.6 |      35 |       5 |  12.5
       D:12 |    5863 |    5034 |  46.2 |      30 |       6 |  16.7
            +---------+---------+-------+---------+---------+-------
